 Dungeon Crawl Stone Soup version 0.28-a0-1518-gbe868bca14 (webtiles) character file.

Game seed: 7958105256088241175

931 Lekart the Slasher (level 7, -5/61 HPs)
             Began as a White Draconian Abyssal Knight on Jan 17, 2022.
             Was a Believer of Lugonu.
             Slain by Prince Ribbit (13 damage)
             ... on level 5 of the Dungeon.
             The game lasted 00:06:08 (6020 turns).

Lekart the Slasher (White Draconian Abyssal Knight) Turns: 6020, Time: 00:06:09

Health: -5/61      AC:  8    Str: 18    XL:     7   Next: 86%
Magic:  10/10      EV: 13    Int: 10    God:    Lugonu [**....]
Gold:   204        SH:  0    Dex: 13    Spells: 6/6 levels left

rFire   . . .      SeeInvis .   a - +2 falchion
rCold   + . .      Faith    .   (no shield)
rNeg    . . .      Spirit   .   (armour unavailable)
rPois   .          Reflect  .   g - +1 hat
rElec   .          Harm     .   (no cloak)
rCorr   .          Rampage  .   h - +0 pair of gloves
Will    .....                   (no boots)
Stlth   +.........              (no amulet)
HPRegen 0.20/turn               (no ring)
MPRegen 0.12/turn               (no ring)

@: mighty, short of breath
A: breathe frost, AC +6, unfitting armour, cold resistance 1, cold-blooded,
mutation resistance 1, strong 1
a: Breathe Frost, Renounce Religion, Depart the Abyss, Bend Space


You were on level 5 of the Dungeon.
You worshipped Lugonu.
Lugonu was pleased with you.
You visited 2 branches of the dungeon, and saw 7 of its levels.
You visited the Abyss 1 time.

You collected 204 gold pieces.

Inventory:

Hand Weapons
 a - a +2 falchion (weapon)
Armour
 g - a +1 hat (worn)
 h - a +0 pair of gloves (worn)
Scrolls
 c - 2 scrolls of blinking
 e - a scroll of fear
Potions
 b - a potion of might


   Skills:
 + Level 5.1 Fighting
 + Level 6.1 Long Blades
 + Level 4.3 Dodging
 * Level 4.7 Invocations


You had 6 spell levels left.
You didn't know any spells.
Your spell library contained the following spells:

 Spells                   Type           Power      Damage    Failure   Level
 Corpse Rot               Necr/Air       0%         N/A       50%         2
 Ensorcelled Hibernation  Hex/Ice        0%         N/A       50%         2
 Passwall                 Tmut/Erth      0%         N/A       50%         2
 Poisonous Vapours        Pois/Air       0%         N/A       50%         2
 Swiftness                Air            0%         N/A       75%         3
 Blade Hands              Tmut           0%         N/A       100%        5
 Iron Shot                Conj/Erth      0%         9d1       100%        6
 Animate Armour           Summ/Erth      Unusable   N/A       N/A         4

Dungeon Overview and Level Annotations

Branches:
Dungeon (6/15)             Temple (1/1) D:4

Altars:
Ashenzari
Cheibriados
Dithmenos
Elyvilon
Fedhas
Gozag
Hepliaklqana
Kikubaaqudgha
Makhleb
Nemelex Xobeh
Okawaru
Qazlal
Ru
Sif Muna
Uskayaw
Vehumet
Wu Jian
Xom
Yredelemnul
Zin
The Shining One

Shops:
D:3 :

Annotations:
D:5 Prince Ribbit


Innate Abilities, Weirdness & Mutations

You can breathe waves of freezing cold which knock back foes.
Your icy white scales are hard. (AC +6)
You cannot fit into any form of body armour.
Your flesh is cold resistant. (rC+)
You are cold-blooded and may be slowed by cold attacks.
You are somewhat resistant to further mutation.
Your muscles are strong. (Str +2)


Message History

You see here a +0 giant club.
There is a stone staircase leading down here.
You climb downwards.
Found a long sword and 23 stones.
There is a stone staircase leading up here.
Prince Ribbit is nearby!
Found a potion of mutation.
Prince Ribbit croaks.
Prince Ribbit blinks!
A sky beast comes into view.
There are monsters nearby!
There are monsters nearby!
There are monsters nearby!
There are monsters nearby!
You slash Prince Ribbit!
Prince Ribbit is moderately wounded.
Prince Ribbit hits you! Prince Ribbit hits you!
There is a stone staircase leading up here.
Aiming: Breathe Frost (5% risk of failure)
Press: ? - help, Shift-Dir - straight line, f - Prince Ribbit
Aim: Prince Ribbit (moderately wounded, 45% to hit)
You exhale a wave of freezing cold.
The freezing breath misses Prince Ribbit.
Prince Ribbit sighs, "It's not easy being green!"
Prince Ribbit hits you. Prince Ribbit misses you.
Prince Ribbit barely misses you.
You climb upwards.
There is a stone staircase leading down here.
Prince Ribbit barely misses you. x2
Prince Ribbit hits you!
* * * LOW HITPOINT WARNING * * *
You feel very mighty all of a sudden.
Prince Ribbit blinks!
You barely miss Prince Ribbit.
Prince Ribbit is lightly wounded.
Prince Ribbit hits you!
* * * LOW HITPOINT WARNING * * *
Prince Ribbit hits you!
You die...

#.#####.......#########
#.# #.#####.# #.# #.#
#.# #.# #.# #.# #.# #.#
#.# ######## #.#
#.#####.###....... #)#
#>................ #.#
#F#####.###.####.. #.#
#@# #.# #.# #.. #.# #.#
#.# #.# #.. #.# #.#
#.###.# #.. #####.# #.#
#.....# ### #.....# #.#
#.....# #. #.##### #.#
#.....# #. #.#
#.#####.....#####' #.#
#................. #.#
#######.####......


You could see Prince Ribbit.

Vanquished Creatures
  Grinder (D:3)
  2 ogres
  A centaur (D:5)
  Blork the orc (D:5)
  2 scorpions (D:5)
  A hound (D:4)
  An orc priest (D:4)
  A bullfrog zombie (D:5)
  An iguana (D:5)
  A howler monkey zombie (D:5)
  A howler monkey skeleton (D:5)
  8 adders
  3 gnolls (D:3)
  An adder zombie (D:5)
  A worm (D:2)
  A dart slug (D:1)
  3 orcs
  8 ball pythons
  6 endoplasms
  3 giant cockroaches
  6 goblins
  3 hobgoblins (D:1)
  2 jackals
  2 quokkas (D:3)
  A bat (D:1)
  8 frilled lizards
  7 kobolds
  4 rats
80 creatures vanquished.

Vanquished Creatures (others)
  A plant (D:5)
1 creature vanquished.

Grand Total: 81 creatures vanquished

Notes
Turn   | Place    | Note
-------+----------+-------------------------------------------
     0 | Abyss:1  | Lekart the Draconian Abyssal Knight began the quest for the
                  | Orb.
     0 | Abyss:1  | Reached XP level 1. HP: 19/19 MP: 2/2
    57 | Abyss:2  | Noticed a freezing wraith
   101 | Abyss:2  | Noticed a chaos spawn
   103 | D:1      | Escaped the Abyss
   222 | D:1      | Reached XP level 2. HP: 19/26 MP: 3/3
   642 | D:1      | Reached ** piety under Lugonu
  1387 | D:2      | Reached XP level 3. HP: 11/33 MP: 4/4
  1668 | D:2      | Found a faded altar of an unknown god.
  2111 | D:3      | Found Cedel's Book Shoppe.
  2178 | D:3      | Reached XP level 4. HP: 39/40 MP: 4/6
  2346 | D:3      | Noticed Grinder
  2375 | D:3      | Killed Grinder
  2376 | D:3      | Reached skill level 4 in Long Blades
  2376 | D:3      | Reached XP level 5. HP: 15/47 MP: 7/7
  2376 | D:3      | Reached XP level 6. HP: 17/53 MP: 8/8
  3090 | D:4      | Found a staircase to the Ecumenical Temple.
  3105 | Temple   | Entered the Ecumenical Temple
  3617 | D:3      | Gained mutation: Your muscles are strong. (Str +2) [potion
                  | of mutation]
  3617 | D:3      | Gained mutation: You are somewhat resistant to further
                  | mutation. [potion of mutation]
  3741 | D:4      | Reached skill level 5 in Long Blades
  4597 | D:5      | Entered Level 5 of the Dungeon
  4639 | D:5      | Your scales start taking on an icy white colour.
  4639 | D:5      | Reached XP level 7. HP: 15/60 MP: 8/10
  4639 | D:5      | Gained mutation: Your flesh is cold resistant. (rC+) [White
                  | Draconian growth]
  5216 | D:5      | Noticed Blork the orc
  5231 | D:5      | Killed Blork the orc
  5329 | D:5      | Reached skill level 5 in Fighting
  5435 | D:5      | Reached skill level 6 in Long Blades
  6004 | D:6      | Noticed Prince Ribbit
  6020 | D:5      | Slain by Prince Ribbit

Illustrated notes

Levels and vault maps discovered:
D:1:      dpeg_arrival_shelter, layout_loops_ring,
          minmay_misc_feat_secret_circle
D:2:      layout_basic, shapermc_ecumenical_altar_acropolis
D:3:      layout_rooms, serial_shops, shop, uniq_grinder
D:4:      layout_loops_corners, minmay_temple_entry_proselytizer,
          kennysheep_generic_room_10
D:5:      layout_basic, minmay_lizard_king, uniq_blork_the_orc
D:6:      cheibrodos_barr_body, layout_cave_pools, mainiacjoe_overflow_paths,
          uniq_duvessa, uniq_prince_ribbit1, uniq_maggie, uniq_edmund,
          uniq_sigmund
Temple:   kilobyte_greek_temple

Skill      XL: |  1  2  3  4  5  6  7 |
---------------+----------------------+-----
Fighting       | 4 5 |  5.1
Long Blades    | 4 5 6 |  6.1
Dodging        | 3 4 |  4.3
Invocations    | 3 4 |  4.7

Action                   |  1- 3 |  4- 6 |  7- 9 || total
-------------------------+-------+-------+-------++-------
Melee: Falchion          |   110 |   130 |    72 ||   312
       Tailslap          |     9 |    14 |     9 ||    32
       Punch             |     1 |     3 |     1 ||     5
Invok: Bend Space        |       |     1 |       ||     1
 Abil: Breathe Frost     |       |       |     2 ||     2
  Use: Scroll            |     3 |     3 |     3 ||     9
       Potion            |       |     7 |     1 ||     8
 Stab: Sleeping          |     1 |     1 |       ||     2
Armor: Skin              |    34 |    43 |     8 ||    85
Dodge: Dodged            |    80 |   116 |    49 ||   245

Table legend: (Time is in decaauts)
 A = Elapsed time spent in this place.
 B = Non-inter-level travel time spent in this place.
 C = Inter-level travel time spent in this place.
 D = Time resting spent in this place.
 E = Time spent auto-exploring this place.
 F = Levels seen in this place.
 G = Mean time per level.
                   A        B        C        D        E       F      G
               +--------+--------+--------+--------+--------+-----+--------+
         Total |   6058 |   5858 |    200 |    978 |   4096 |   9 |  673.1 |
       Dungeon |   5734 |   5571 |    163 |    968 |   3879 |   6 |  955.7 |
        Temple |    221 |    184 |     37 |      0 |    179 |   1 |  221.0 |
         Abyss |    102 |    102 |      0 |     10 |     38 |   2 |   51.0 |
               +--------+--------+--------+--------+--------+-----+--------+

Top non-repeatable levels by time:
     D:5: 1415 daAuts
     D:4: 1252 daAuts
     D:1: 1056 daAuts
     D:3: 1030 daAuts
     D:2: 970 daAuts
  Temple: 221 daAuts
 Abyss:2: 55 daAuts
 Abyss:1: 47 daAuts
     D:6: 9 daAuts
